 Dungeon Crawl Stone Soup version 0.29-a0-187-ga23d9638d5 (webtiles) character file.

Game seed: 12816526716843530799

181 cyrus the Caller (level 5, -1/28 HPs)
             Began as a Tengu Summoner on Feb 21, 2022.
             Was an Initiate of Ashenzari.
             Slain by HuGe's ghost (13 damage)
             ... on level 3 of the Dungeon.
             The game lasted 00:11:37 (3273 turns).

cyrus the Caller (Tengu Summoner)                   Turns: 3273, Time: 00:11:37

Health: -1/28      AC:  3    Str: 10    XL:     5   Next: 61%
Magic:  6/11       EV: 15    Int: 15    God:    Ashenzari [......]
Gold:   82         SH:  0    Dex: 15    Spells: 5/11 levels left

rFire   . . .      SeeInvis .   k - +0 halberd
rCold   . . .      Faith    .   (shield currently unavailable)
rNeg    . . .      Spirit   .   j - +1 robe {Will+}
rPois   .          Reflect  .   (helmet restricted)
rElec   .          Harm     .   (no cloak)
rCorr   .          Rampage  .   (no gloves)
Will    +....                   (boots unavailable)
Stlth   ++........              (no amulet)
HPRegen 0.09/turn               (no ring)
MPRegen 0.12/turn               (no ring)

@: flying quickly and evasively, quick
A: beak, talons 3, nimble flight
a: Renounce Religion


You were on level 3 of the Dungeon.
You worshipped Ashenzari.
Ashenzari was noncommittal.
You visited 1 branch of the dungeon, and saw 3 of its levels.

You collected 82 gold pieces.

Inventory:

Hand Weapons
 d - a +0 short sword
 f - a +0 short sword
 k - a +0 halberd (weapon)
 l - a +0 spear
 o - a +0 hand axe
Missiles
 e - 95 stones
Armour
 a - a +0 robe
 j - a +1 robe of willpower (worn)
 p - a +0 robe
Jewellery
 b - a ring of protection from cold
Scrolls
 h - 2 scrolls of identify {unknown}
 i - a scroll of teleportation {unknown}
 n - a scroll of silence {unknown}
 q - a scroll of fear {unknown}
Potions
 c - 3 potions of mutation {unknown}
 g - a potion of heal wounds {unknown}
 m - a potion of ambrosia {unknown}
 r - a potion of attraction {unknown}


   Skills:
 + Level 0.1 Fighting
 + Level 1.0 Polearms
 + Level 2.4 Dodging
 + Level 2.1 Stealth
 + Level 0.1 Unarmed Combat
 + Level 3.5 Spellcasting
 + Level 6.5 Summonings


You had 5 spell levels left.
You knew the following spells:

 Your Spells              Type           Power      Damage    Failure   Level
a - Summon Small Mammal   Summ           88%        N/A       1%          1
b - Call Imp              Summ           22%        N/A       1%          2
c - Call Canine Familiar  Summ           22%        N/A       3%          3

Your spell library contained the following spells:

 Spells                   Type           Power      Damage    Failure   Level
 Summon Guardian Golem    Hex/Summ       12%        N/A       16%         3
 Summon Lightning Spire   Summ/Air       12%        N/A       45%         4
 Blade Hands              Tmut           1%         N/A       99%         5
 Irradiate                Conj/Tmut      1%         3d14      99%         5
 Dragon Form              Tmut           1%         N/A       100%        7


Dungeon Overview and Level Annotations

Branches:
Dungeon (3/15)

Altars:
Ashenzari

Shops:
D:3 [

Annotations:
D:3 HuGe's ghost, weakling MiBe


Innate Abilities, Weirdness & Mutations

You have a beak for a mouth.
You have claws for feet.
Your magical nature lets you fly swiftly and evasively.


Message History

Your hound closely misses HuGe's ghost.
HuGe's ghost completely misses your hound.
Your hound bites HuGe's ghost.
Your quokka closely misses the water moccasin zombie.
Your hound misses HuGe's ghost. HuGe's ghost hits your hound.
Your quokka bites the water moccasin zombie.
Your hound closely misses HuGe's ghost.
Casting: Call Canine Familiar (dangerous; 3% risk of failure)
Confirm with . or Enter, or press ? or * to list all spells.
Your shadow imp hits the bullfrog skeleton.
HuGe's ghost closely misses your hound.
Your hound completely misses HuGe's ghost.
Your quokka completely misses the water moccasin zombie.
You swap places.
Your hound closely misses HuGe's ghost.
Your quokka bites the water moccasin zombie.
HuGe's ghost hits your hound!
Your hound dies!
Your hound's corpse disappears in a puff of smoke!
The water moccasin zombie bites your quokka.
The water moccasin zombie bites something.
HuGe's ghost barely misses your quokka.
The water moccasin zombie bites your shadow imp.
Your quokka bites HuGe's ghost.
HuGe's ghost hits your quokka.
Your quokka dies!
Your quokka's corpse disappears in a puff of smoke!
The water moccasin zombie bites something!
The water moccasin zombie bites your shadow imp.
Your shadow imp dies!
Your shadow imp disappears in a puff of smoke!
You slash HuGe's ghost!
HuGe's ghost is heavily damaged.
HuGe's ghost misses you.
You slash HuGe's ghost! Your peck misses HuGe's ghost.
HuGe's ghost is almost destroyed.
HuGe's ghost hits you.
You hit HuGe's ghost but do no damage. You claw HuGe's ghost.
HuGe's ghost is almost destroyed.
HuGe's ghost hits you! x2
You die...

####'####.# #.......#.#
#.......#.# # #####
#.......#.# #.#.#.####
#####..##.# #.....#..#
##.##.# ##$...'..##
########..#.#
#.[...'...#######...........#
##....'.....ZZW@............#
#.....#..########...........#
#.#.#.#### #...........# #
##### ##########..###
#..........# #.....>....#
#..........# #..........#
#...<......#


You could see HuGe's ghost, a water moccasin zombie and a bullfrog skeleton.

Vanquished Creatures
  An orc priest (D:3)
  An orc wizard (D:3)
  An adder (D:3)
  A dart slug (D:3)
  An orc (D:3)
  A giant cockroach (D:1)
  3 goblins
  A hobgoblin (D:2)
  A kobold (D:1)
  A quokka (D:2)
  A bat (D:2)
  3 frilled lizards (D:1)
  A rat (D:3)
17 creatures vanquished.

Vanquished Creatures (collateral kills)
  An orc priest (D:3)
  3 gnolls (D:2)
  An adder (D:3)
  A dart slug (D:2)
  An orc (D:3)
  5 endoplasms
  3 giant cockroaches
  2 goblins
  4 ball pythons
  3 bats
  2 frilled lizards
  2 kobolds (D:1)
  5 rats
33 creatures vanquished.

Grand Total: 50 creatures vanquished

Notes
Turn   | Place    | Note
-------+----------+-------------------------------------------
     0 | D:1      | cyrus the Tengu Summoner began the quest for the Orb.
     0 | D:1      | Reached XP level 1. HP: 10/10 MP: 4/4
    53 | D:1      | Reached skill level 5 in Summonings
   569 | D:1      | Reached XP level 2. HP: 15/15 MP: 3/6
   781 | D:1      | Learned a level 2 spell: Call Imp
  1463 | D:2      | Reached XP level 3. HP: 17/19 MP: 2/7
  1811 | D:2      | Learned a level 3 spell: Call Canine Familiar
  1875 | D:2      | Found a broken altar of Ashenzari.
  1883 | D:2      | Became a worshipper of Ashenzari the Shackled
  2113 | D:2      | Reached XP level 4. HP: 22/24 MP: 0/9
  2571 | D:3      | Reached skill level 6 in Summonings
  2582 | D:3      | Gained mutation: Your magical nature lets you fly swiftly
                  | and evasively. [Tengu growth]
  2582 | D:3      | Reached XP level 5. HP: 28/28 MP: 2/11
  2590 | D:3      | Reached skill level 1 in Polearms
  2979 | D:3      | Found Roes's Antique Armour Boutique.
  3236 | D:3      | Found a runed translucent gate.
  3236 | D:3      | Found a runed translucent gate.
  3236 | D:3      | Found a runed translucent gate.
  3243 | D:3      | Noticed HuGe's ghost (weakling MiBe)
  3273 | D:3      | Slain by HuGe's ghost

Illustrated notes

Levels and vault maps discovered:
D:1:      scummos_arrival_forest, layout_loops_cross, minmay_split_cup_large
D:2:      layout_basic, basic_altar
D:3:      layout_basic, serial_shops, nicolae_shop_trees,
          gammafunk_ghost_necromancy

Skill      XL: |  1  2  3  4  5 |
---------------+----------------+-----
Summonings     | 5 6 |  6.5
Spellcasting   | 3 |  3.5
Polearms       | 1 |  1.0
Fighting       | |  0.1
Dodging        | |  2.4
Stealth        | |  2.1
Unarmed Combat | |  0.1

Action                   |  1- 3 |  4- 6 || total
-------------------------+-------+-------++-------
Melee: Unarmed           |     9 |       ||     9
       Kick              |     7 |     4 ||    11
       Peck              |     2 |     3 ||     5
       Short sword       |    20 |       ||    20
       Halberd           |       |    15 ||    15
 Cast: Summon Small Mamm |    53 |    18 ||    71
       Call Imp          |    12 |     8 ||    20
       Call Canine Famil |     2 |     3 ||     5
 Stab: Distracted        |     2 |       ||     2
Armor: Robe              |     7 |     3 ||    10
Dodge: Dodged            |    31 |    15 ||    46

Table legend: (Time is in decaauts)
 A = Elapsed time spent in this place.
 B = Non-inter-level travel time spent in this place.
 C = Inter-level travel time spent in this place.
 D = Time resting spent in this place.
 E = Time spent auto-exploring this place.
 F = Levels seen in this place.
 G = Mean time per level.
                   A        B        C        D        E       F      G
               +--------+--------+--------+--------+--------+-----+--------+
         Total |   3257 |   3213 |     44 |    590 |   1897 |   3 | 1085.7 |
       Dungeon |   3257 |   3213 |     44 |    590 |   1897 |   3 | 1085.7 |
               +--------+--------+--------+--------+--------+-----+--------+

Top non-repeatable levels by time:
     D:1: 1283 daAuts
     D:2: 1062 daAuts
     D:3: 911 daAuts
